 Dungeon Crawl Stone Soup version 0.20.1-1-g8b1a95d (webtiles) character file.

175 kaze the Chopper (level 5, -2/47 HPs)
             Began as a Hill Orc Berserker on Sept 9, 2017.
             Was a Believer of Trog.
             Slain by an orc
             ... wielding a +0 flail
              (7 damage)
             ... on level 3 of the Dungeon.
             The game lasted 00:03:48 (2526 turns).

kaze the Chopper (Hill Orc Berserker)               Turns: 2526, Time: 00:03:49

Health: -2/47      AC:  6    Str: 21    XL:     5   Next: 55%
Magic:  5/5        EV: 11    Int:  7    God:    Trog [**....]
Gold:   100        SH:  0    Dex: 10    Spells: 4/4 levels left

rFire    . . .     SeeInvis .   n - +1 flail (protect)
rCold    . . .     Gourm    .   (no shield)
rNeg     . . .     Faith    .   g - +0 ring mail
rPois    .         Spirit   .   (no helmet)
rElec    .         Reflect  .   q - +0 cloak
rCorr    .         Harm     .   (no gloves)
MR       .....                  (no boots)
Stlth    +.........             (no amulet)
Regen    0.2/turn               (no ring)
MPRegen  0.1/turn               (no ring)

@: berserk cooldown
A: no striking features
a: Berserk, Trog's Hand, Burn Spellbooks, Renounce Religion


You were on level 3 of the Dungeon.
You worshipped Trog.
Trog was pleased with you.
You were very hungry.

You visited 1 branch of the dungeon, and saw 3 of its levels.

You collected 100 gold pieces.

Inventory:

Hand Weapons
 a - a +0 hand axe
 n - a +1 flail of protection (weapon)
Armour
 g - a +0 ring mail (worn)
 q - a +0 cloak (worn)
Scrolls
 d - 2 scrolls of identify {unknown}
 e - 2 scrolls of teleportation {unknown}
 f - a scroll of fog {unknown}
 i - 2 scrolls of blinking {unknown}
 k - 3 scrolls of remove curse {unknown}
 t - a scroll of amnesia {unknown}
Potions
 b - a potion of mutation {unknown}
 c - a potion of berserk rage {unknown}
 h - a potion of brilliance
 j - a potion of haste {unknown}
 l - a potion of might {unknown}
 m - a potion of curing {unknown}
 p - 2 potions of lignification {unknown}
 r - a potion of agility
Comestibles
 o - a bread ration


   Skills:
 + Level 4.4 Fighting
 + Level 5.7(5.9) Axes
 + Level 1.3(3.2) Maces & Flails
 + Level 3.1 Armour
 + Level 2.4 Dodging
 + Level 0.3 Stealth


You had 4 spell levels left.
You didn't know any spells.

Dungeon Overview and Level Annotations

Branches:
Dungeon (3/15)

Altars:
Zin
The Shining One


Message History

The orc is heavily wounded.
The orc hits you but does no damage. The orc hits you with a flail.
You closely miss the orc.
The orc is heavily wounded.
The orc hits you with a flail.
* * * LOW HITPOINT WARNING * * *
You barely miss the orc.
The orc is heavily wounded.
You feel yourself speed up. The orc closely misses you.
The orc hits you with a flail.
* * * LOW HITPOINT WARNING * * *
You barely miss the orc.
The orc is heavily wounded.
The orc hits you with a flail.
* * * LOW HITPOINT WARNING * * *
You closely miss the orc.
The orc is heavily wounded.
You are feeling very hungry.
The orc hits you with a flail!
You die...

#.##.......## ##.......
#.#.........####...#.###
.'.........+...........
#.........####...#.###
#.......# #.......#
#.....# #.###.#.# #.o.#
#.###.#.# #o# #)#...#.#
#@# #.#.###.# #.# #.#.#
#.# ####.## #.#.###.#
#.....## #.......#
#......# ###.#####
###.....#########.#
#.............†..†.#
..........##########
#.........#


You could see 2 orcs.

Vanquished Creatures
  2 orc priests (D:3)
  3 adders
  An ooze (D:2)
  2 worms
  A leopard gecko (D:3)
  8 orcs (D:3)
  A ball python (D:2)
  2 giant cockroaches (D:1)
  6 hobgoblins
  7 jackals
  A quokka (D:3)
  10 bats
  7 goblins
  9 kobolds
  14 rats
74 creatures vanquished.

Notes
Turn   | Place    | Note
-------+----------+-------------------------------------------
     0 | D:1      | kaze the Hill Orc Berserker began the quest for the Orb.
     0 | D:1      | Reached XP level 1. HP: 19/19 MP: 1/1
   180 | D:1      | Reached XP level 2. HP: 26/27 MP: 2/2
   411 | D:1      | Reached ** piety under Trog
   689 | D:1      | Reached XP level 3. HP: 33/33 MP: 3/3
   833 | D:2      | Reached skill level 5 in Axes
  1213 | D:2      | Reached XP level 4. HP: 17/40 MP: 4/4
  1782 | D:2      | Found a glowing silver altar of Zin.
  2274 | D:3      | Found a glowing golden altar of the Shining One.
  2280 | D:3      | Reached XP level 5. HP: 47/47 MP: 5/5
  2358 | D:3      | Reached skill level 1 in Maces & Flails
  2526 | D:3      | Slain by an orc

Skill      XL: |  1  2  3  4  5 |
---------------+----------------+-----
Fighting       | 4 |  4.4
Axes           | 5 |  5.7
Dodging        | 2 |  2.4
Armour         | 3 |  3.1
Maces & Flails | 1 |  1.3
Stealth        | |  0.3

Action                   |  1- 3 |  4- 6 || total
-------------------------+-------+-------++-------
Melee: Hand axe          |   124 |    50 ||   174
       Flail             |       |    70 ||    70
Invok: Berserk           |     1 |     2 ||     3
  Use: Potion            |     1 |       ||     1
 Stab: Sleeping          |     1 |       ||     1
  Eat: Bread ration      |     1 |       ||     1
       Royal jelly       |       |     1 ||     1
       Chunk             |       |     1 ||     1
Armor: Animal skin       |    20 |       ||    20
       Ring mail         |    40 |    55 ||    95
Dodge: Dodged            |    94 |    84 ||   178
